 Dungeon Crawl Stone Soup version 0.27.1-37-g7b29ead8ac (console) character file.

Game seed: 6547866774849174898

417 grimtooth the Firebug (level 6, -1/45 HPs)
             Began as a Demigod Fire Elementalist on June 17, 2023.
             Slain by Duvessa (4 damage)
             ... on level 4 of the Dungeon.
             The game lasted 00:16:26 (3509 turns).

grimtooth the Firebug (Demigod Fire Elementalist)   Turns: 3509, Time: 00:16:27

Health: -1/45      AC:  5    Str:  9    XL:     6   Next: 34%
Magic:  4/13       EV: 12    Int: 25    God:
Gold:   116        SH:  0    Dex: 14    Spells: 7/11 levels left

rFire    . . .     SeeInvis .   (no weapon)
rCold    . . .     Faith    .   (no shield)
rNeg     . . .     Spirit   .   m - +1 robe {Archmagi}
rPois    .         Reflect  .   (no helmet)
rElec    .         Harm     .   o - +0 cloak
rCorr    .         Rampage  .   n - +0 pair of gloves
Will     .....     Archmagi +   (no boots)
Stlth    ++........             (no amulet)
HPRegen  0.15/turn              (no ring)
MPRegen  0.13/turn              (no ring)

@: mighty, very slightly contaminated, invisible
A: high mp 1, forlorn
a: no special abilities


You were on level 4 of the Dungeon.
You visited 1 branch of the dungeon, and saw 4 of its levels.

You collected 116 gold pieces.

Inventory:

Missiles
 c - 96 stones
 g - 19 poisoned darts
 j - 46 sling bullets
Armour
 m - a +1 robe of the Archmagi (worn)
 n - a +0 pair of gloves (worn)
 o - a +0 cloak (worn)
Wands
 k - a wand of acid (5)
Scrolls
 d - 2 scrolls of identify {@r4}
 h - a scroll of teleportation {unknown}
 i - a scroll of enchant weapon {unknown}
Potions
 a - a potion of degeneration {unknown}
 f - a potion of cancellation {unknown}
 p - a potion of curing {unknown}


   Skills:
 - Level 1.7 Dodging
 - Level 1.7 Stealth
 - Level 3.0 Spellcasting
 - Level 3.0 Conjurations
 * Level 5.5 Fire Magic


You had 7 spell levels left.
You knew the following spells:

 Your Spells              Type           Power      Damage    Failure   Level
a - Foxfire               Conj/Fire      100%       2x1d9     1%          1
b - Conjure Flame         Conj/Fire      37%        6-21      5%          3

Your spell library contained the following spells:

 Spells                   Type           Power      Damage    Failure   Level
 Beastly Appendage        Tmut           10%        N/A       10%         1
 Summon Small Mammal      Summ           20%        N/A       10%         1
 Inner Flame              Hex/Fire       26%        N/A       10%         3
 Wereblood                Tmut           5%         N/A       16%         2
 Dazzling Flash           Conj/Hex       32%        N/A       16%         3
 Sticky Flame             Conj/Fire      37%        2d6       17%         4
 Call Canine Familiar     Summ           5%         N/A       30%         3
 Spider Form              Tmut/Pois      2%         N/A       30%         3
 Summon Guardian Golem    Hex/Summ       5%         N/A       30%         3
 Fireball                 Conj/Fire      18%        3d9       43%         5
 Agony                    Necr           5%         N/A       95%         5
 Silence                  Hex/Air        2%         N/A       95%         5


Dungeon Overview and Level Annotations

Branches:
Dungeon (4/15)
 Temple: D:4-7

Annotations:
D:4 exclusion: ogre, Dowan, Duvessa


Innate Abilities, Weirdness & Mutations

Your attributes grow dramatically as you level up.
You have an increased reservoir of magic. (+10% MP)
You shall have no god before yourself.


Message History

Duvessa is heavily wounded.
The foxfire hits Duvessa but does no damage.
Duvessa is heavily wounded.
Duvessa hits you with a +0 short sword!
Casting: Foxfire (safe; 1% risk of failure)
Confirm with . or Enter, or press ? or * to list all spells.
You feel a surge of power!
You conjure some foxfire!
Duvessa barely misses you.
Unknown command.
Casting: Foxfire (safe; 1% risk of failure)
Confirm with . or Enter, or press ? or * to list all spells.
You feel a surge of power!
You conjure some foxfire!
The foxfire hits Duvessa.
Duvessa is heavily wounded.
The foxfire hits Duvessa.
Duvessa is severely wounded.
Duvessa hits you with a +0 short sword!
* * * LOW HITPOINT WARNING * * *
Casting: Foxfire (safe; 1% risk of failure)
Confirm with . or Enter, or press ? or * to list all spells.
You feel a surge of power!
You conjure some foxfire!
The foxfire hits Duvessa but does no damage.
Duvessa is severely wounded.
Duvessa zaps a wand.
The puff of flame hits you!
* * * LOW HITPOINT WARNING * * *
It was a potion of might.
You feel very mighty all of a sudden.
The foxfire hits Duvessa.
Duvessa is severely wounded.
The foxfire hits Duvessa but does no damage.
Duvessa is severely wounded.
Duvessa closely misses you.
As you read the scroll labelled NUCYC AZIAR, it crumbles to dust.
It is a scroll of amnesia.
Really abort (and waste the scroll)?
Okay, then.
Duvessa barely misses you.
Enter note: - not good It was a potion of invisibility.
You fade into invisibility!
Duvessa hits you with a +0 short sword.
You die...

...... #.....#
...... #.....#
....... #.....#
....... #.....#
#..... #.....#
#...########.....#
....##....##.....#
.....#...........#
.....+...........#
.....#...........#
.....#.........e@#
..#.####..###...##
###.####..###...##
#.....'....#....#
#.....#....#....#
#.....#....#....#
#################


You could see Duvessa.

Vanquished Creatures
  A scorpion (D:4)
  3 orc priests
  Jessica (D:2)
  Ijyb (D:4)
  2 orc wizards (D:4)
  4 gnolls
  5 adders
  A worm (D:2)
  12 orcs
  A giant cockroach (D:1)
  3 goblins
  8 hobgoblins
  4 jackals (D:4)
  8 kobolds
  3 quokkas
  8 ball pythons
  8 bats
  6 frilled lizards
  3 rats
82 creatures vanquished.

Vanquished Creatures (others)
  276 foxfires
  A fungus (D:3)
277 creatures vanquished.

Grand Total: 359 creatures vanquished

Notes
Turn   | Place    | Note
-------+----------+-------------------------------------------
     0 | D:1      | grimtooth the Demigod Fire Elementalist began the quest for
                  | the Orb.
     0 | D:1      | Reached XP level 1. HP: 14/14 MP: 5/5
    46 | D:1      | - of course we get the gnoll
    55 | D:1      | Reached skill level 1 in Conjurations
    55 | D:1      | Reached skill level 3 in Fire Magic
    55 | D:1      | Reached XP level 2. HP: 20/20 MP: 2/7
   978 | D:2      | Reached XP level 3. HP: 26/26 MP: 3/8
  1174 | D:2      | Noticed Jessica
  1256 | D:2      | Learned a level 3 spell: Conjure Flame
  1404 | D:2      | Killed Jessica
  1590 | D:2      | Reached XP level 4. HP: 33/33 MP: 6/9
  2243 | D:3      | Reached skill level 4 in Fire Magic
  2243 | D:3      | Reached XP level 5. HP: 38/38 MP: 1/11
  2772 | D:4      | Noticed an ogre
  2936 | D:4      | Noticed Ijyb
  2952 | D:4      | HP: 1/38 [acid (12)]
  2953 | D:4      | - ijyb with a wand... tough
  3004 | D:3      | - so that was lucky
  3180 | D:4      | - and here you are
  3187 | D:4      | Killed Ijyb
  3188 | D:4      | Reached skill level 5 in Fire Magic
  3188 | D:4      | Reached XP level 6. HP: 45/45 MP: 5/13
  3191 | D:4      | - phew
  3353 | D:4      | Noticed Duvessa
  3355 | D:4      | - again with the wand
  3357 | D:4      | Noticed Dowan
  3509 | D:4      | - not good
  3509 | D:4      | Slain by Duvessa

Illustrated notes ##......# ##......+ #...#...# ###.#..#+## # #...#..# #.##.....# #...#.#.# . ##.....## ... #....#†..#+#####.g.. #....###.....#....... +...#.......@'....... #........#...#....... ##.#.#....#+#####.... . #..#.##. ... #...#. #. g #... .. .+ ####..# # #. Turn 46 on D:1: - of course we get the gnoll ...[..... #.........# ......... #.....)...# ..........#.........# ....##....#.........# ....# ....+.........# .....# ...#.........# .....# #######...# #....##...# +.........# #.........# #.....@§..# #######§..# #....##...# #....#.)..# .... #....#.)..# ...g +....#.g..# #... #...##...# ##...###...##...# .....gg.g..+....# .......hg..###### #.....$...##.. Turn 2953 on D:4: - ijyb with a wand... tough ######### #.......# #.......# #.####..## ####.##@....# #.......#...# #.##........#### ######.##.###.......# #......##......#.##.# #####.###########..#.##.# #......# #..#..#.# #.###..######## #..##.#.# #.###..##.....# #.......# #.#....##.....# ##......# ..)....##.....# ####.### Turn 3004 on D:3: - so that was lucky

#........#......# #...##.$.#
#........#.....<#... #.........
###'##...#......#... #.........
#...##...#......#....#.........
#...#....#......#....+.........
#...#....##....##...##...##....
#...#....##....##...##...##...#
#...##..........#.............#
#...##..........#........##...#
#...............#..†.....# ...#
#.............@.#........+ ..
#..............##...##...# #
#..............##...##...#
#...................##...#
#........................#
#...##...................#
######..g########...##...#
#.<.g....##...###...##...#
#.....g.[......#.........#
#..............#.....)...#
#...#..........#.........#


Turn 3180 on D:4: - and here you are #........#......# #...##.$.#
#........#.....<#... #......... ###'##...#......#... #.........
#...##...#......#....#......... #...#....#......#....+.........
#...#....##....##...##...##.... #...#....##v...##...##...##...#
#...##....§§....#.............# #...##....§§....#........##...#
#.........§.§...#..†.....# ...# #..........§..@.#........+ ..
#...........§.§##...##...# # #..........)...##...##...#
#..........)........##...# #........................# #...##...................#
######...########...##...# #.<.g....##...###...##...# #.....g.[......#.........#
#..............#.....)...# #...#..........#.........# Turn 3191 on D:4: - phew
##### ..... .... ..... ...... ..... ....... ..##O ...... ... ####
#...#############.... ...# #...##...##.......... ..<#... #....................
...#... #.................... ...#....#..........).........
...#....+.......@............ ..##...##...##...............
..##...##...##...##....##... ...#.............##..).## .
...#........##...##.....# ...#........##...##.....#
...#........+.......e...'...... ..##...##...#....##....##...... ..##...##...# ^.
#....# ...... .......##...# . ....... ..... ............# ........ ..... Turn
3355 on D:4: - again with the wand ...... #.....# ...... #.....# ....... #.....#
....... #.....# #..... #.....# #...########.....# ....##....##.....#
.....#...........# .....+...........# .....#...........# .....#.........e@#
..#.####..###...## ###.####..###...## #.....'....#....# #.....#....#....#
#.....#....#....# ################# Turn 3509 on D:4: - not good

Levels and vault maps discovered:
D:1:      arrival_zaba_pyramid, layout_rooms
D:2:      layout_rooms, shapermc_ecumenical_altar_flowoftime, uniq_jessica
D:3:      layout_loops_cross, minmay_shallow_snake_nest
D:4:      layout_gridville, uniq_duvessa, uniq_ijyb

Skill      XL: |  1  2  3  4  5 |
---------------+----------------+-----
Conjurations   | 1 2 3 |  3.0
Fire Magic     | 3 4 5 |  5.5
Spellcasting   | 2 3 |  3.0
Dodging        | |  1.7
Stealth        | |  1.7

Action                   |  1- 3 |  4- 6 || total
-------------------------+-------+-------++-------
Melee: Unarmed           |       |     2 ||     2
 Cast: Foxfire           |    64 |    95 ||   159
  Use: Scroll            |       |     3 ||     3
       Potion            |       |     3 ||     3
Armor: Robe              |     1 |     2 ||     3
Dodge: Dodged            |     4 |    10 ||    14
